 Dungeon Crawl Stone Soup version 0.28-a0-667-g162e43154e (webtiles) character file.

Game seed: 4229591690880853230

47 BlueGoblin the Ducker (level 3, -4/29 HPs)
             Began as a Merfolk Monk on Oct 17, 2021.
             Slain by a worm (7 damage)
             ... on level 3 of the Dungeon.
             The game lasted 00:05:05 (2138 turns).

BlueGoblin the Ducker (Merfolk Monk)                Turns: 2138, Time: 00:05:05

Health: -4/29      AC:  4    Str: 11    XL:     3   Next: 70%
Magic:  3/3        EV: 12    Int:  9    God:
Gold:   82         SH:  8    Dex: 17    Spells: 2/2 levels left

rFire   . . .      SeeInvis .   a - +0 spear
rCold   . . .      Faith    .   e - +0 kite shield
rNeg    . . .      Spirit   .   b - +0 robe
rPois   .          Reflect  .   (no helmet)
rElec   .          Harm     .   g - +0 cloak
rCorr   .          Rampage  .   f - +0 pair of gloves
Will    .....                   (no boots)
Stlth   ++........              (no amulet)
HPRegen 0.09/turn               (no ring)
MPRegen 0.08/turn               (no ring)

@: no status effects
A: (nimble swimmer 2), mertail
a: no special abilities


You were on level 3 of the Dungeon.
You visited 1 branch of the dungeon, and saw 3 of its levels.

You collected 82 gold pieces.

Inventory:

Hand Weapons
 a - a +0 spear (weapon)
Missiles
 j - a throwing net (quivered)
 k - 45 bolts
 l - 27 sling bullets
Armour
 b - a +0 robe (worn)
 e - a +0 kite shield (worn)
 f - a +0 pair of gloves (worn)
 g - a +0 cloak (worn)
Scrolls
 c - 2 scrolls of identify
 d - 6 scrolls of teleportation
 i - a scroll of amnesia {unknown}
Potions
 h - a potion of invisibility {unknown}


   Skills:
 - Level 3.3 Fighting
 - Level 4.4 Polearms
 * Level 5.5 Dodging
 - Level 2.1 Stealth
 * Level 1.3 Shields


You had 2 spell levels left.
You didn't know any spells.
Your spell library contained the following spells:

 Spells                   Type           Power      Damage    Failure   Level
 Corpse Rot               Necr/Air       N/A        N/A       98%         2
 Poisonous Vapours        Pois/Air       0%         N/A       98%         2
 Static Discharge         Conj/Air       0%         N/A       98%         2
 Lehudib's Crystal Spear  Conj/Erth      0%         10d2      100%        8
 Maxwell's Capacitive Co  Air            0%         ∞         100%        8


Dungeon Overview and Level Annotations

Branches:
Dungeon (3/15)

Altars:
Zin


Innate Abilities, Weirdness & Mutations

((You are quick and stealthy near water. (Stealth+, EV+, Speed+++)))
Your lower body shifts to a powerful aquatic tail in water.


Message History

You block the goblin's attack. You block the quokka's attack.
The quokka bites you but does no damage.
The orc shouts!
You block the goblin's attack. The quokka closely misses you.
You block the quokka's attack. You block the worm's attack.
The quokka bites you but does no damage.
You closely miss the quokka. The quokka closely misses you.
You block the worm's attack.
You hit the quokka.
The quokka is almost dead.
The quokka bites you but does no damage.
You closely miss the quokka.
The quokka is almost dead.
The quokka bites you. The worm bites you!
* * * LOW HITPOINT WARNING * * *
You block the quokka's attack.
You hit the quokka but do no damage.
The quokka is almost dead.
The quokka misses you. The worm bites you.
* * * LOW HITPOINT WARNING * * *
You closely miss the quokka.
The quokka is almost dead.
The quokka bites you but does no damage.
You block the quokka's attack.
You barely miss the quokka.
The quokka is almost dead.
You block the worm's attack.
The quokka bites you but does no damage.
Unknown command.
You barely miss the quokka.
The quokka is almost dead.
The quokka misses you. You block the worm's attack.
Your shield prevents you from hitting the quokka.
The quokka is almost dead.
The quokka closely misses you. x2
You hit the quokka.
You kill the quokka!
The worm bites you!
You die...

. ### .# ..##..#
###################.......
##.........ool.og........#
###...........#######...##.#
..............#######.#.#
#.##...........w@.gooo# # .
#...>.......########
#.#...........#
#.#?.........##
#............#
###..........#
###...........
##.........#...
<..#######..o..


You could see a worm, 3 orcs and a goblin.

Vanquished Creatures
  An adder (D:2)
  An endoplasm (D:1)
  3 giant cockroaches
  5 goblins
  6 hobgoblins
  4 quokkas
  5 ball pythons
  3 bats
  A frilled lizard (D:1)
  5 kobolds (D:1)
  3 rats (D:1)
37 creatures vanquished.

Notes
Turn   | Place    | Note
-------+----------+-------------------------------------------
     0 | D:1      | BlueGoblin the Merfolk Monk began the quest for the Orb.
     0 | D:1      | Reached XP level 1. HP: 18/18 MP: 1/1
   147 | D:1      | Reached XP level 2. HP: 13/24 MP: 2/2
   181 | D:1      | Found a faded altar of an unknown god.
   641 | D:1      | Reached skill level 5 in Dodging
   878 | D:1      | Reached XP level 3. HP: 23/29 MP: 3/3
   954 | D:1      | Reached skill level 1 in Shields
  1507 | D:2      | Found a glowing silver altar of Zin.
  1561 | D:2      | Got the Compendium of Dusty Air
  2138 | D:3      | Slain by a worm

Illustrated notes

Levels and vault maps discovered:
D:1:      dpeg_arrival_arbitrary_a, layout_rooms,
          chequers_ecumenical_altar_simple_redux, minmay_misc_feat_square
D:2:      layout_loops_ring, basic_altar
D:3:      layout_rooms

Skill      XL: |  1  2  3 |
---------------+----------+-----
Dodging        | 5 |  5.5
Shields        | 1 |  1.3
Fighting       | |  3.3
Polearms       | |  4.4
Stealth        | |  2.1

Action                   || total
-------------------------++-------
Melee: Spear             ||   152
  Use: Potion            ||     2
       Scroll            ||     2
 Stab: Sleeping          ||     3
Armor: Robe              ||    47
Dodge: Dodged            ||   112
Block: Kite shield       ||    69

Table legend: (Time is in decaauts)
 A = Elapsed time spent in this place.
 B = Non-inter-level travel time spent in this place.
 C = Inter-level travel time spent in this place.
 D = Time resting spent in this place.
 E = Time spent auto-exploring this place.
 F = Levels seen in this place.
 G = Mean time per level.
                   A        B        C        D        E       F      G
               +--------+--------+--------+--------+--------+-----+--------+
         Total |   2159 |   2039 |    120 |    130 |   1405 |   3 |  719.7 |
       Dungeon |   2159 |   2039 |    120 |    130 |   1405 |   3 |  719.7 |
               +--------+--------+--------+--------+--------+-----+--------+

Top non-repeatable levels by time:
     D:1: 1115 daAuts
     D:2: 993 daAuts
     D:3: 50 daAuts
